 Dungeon Crawl Stone Soup version 0.27.1-1-g398f81649c (webtiles) character file.

Game seed: 4992054697544955341

1301 funkygono the Magician (level 8, -3/51 HPs)
             Began as a Djinni Fire Elementalist on Sept 18, 2021.
             Slain by a cyan ugly thing (6 damage)
             ... on level 8 of the Dungeon.
             The game lasted 00:14:23 (7298 turns).

funkygono the Magician (Djinni Fire Elementalist)   Turns: 7298, Time: 00:14:24

Health: -3/51      AC:  5    Str:  7    XL:     8   Next: 87%
Gold:   113        EV: 17    Int: 18    God:
                   SH:  0    Dex: 15

rFire    + + .     SeeInvis .   v - +1 falchion (holy)
rCold    x . .     Faith    .   (no shield)
rNeg     . . .     Spirit   .   a - +0 robe
rPois    ∞         Reflect  .   p - +0 helmet
rElec    .         Harm     .   u - +0 cloak
rCorr    .         Rampage  .   d - +0 pair of gloves
Will     .....                  (boots unavailable)
Stlth    ++........             (no amulet)
HPRegen  0.17/turn              i - +4 ring of evasion
MPRegen  0.00/turn              (no ring)

@: flying
A: sickness immunity, fire resistance 2, cold vulnerability 1, float, innate
caster, hp casting, extra vitality 1
a: no special abilities


You were on level 8 of the Dungeon.
You visited 1 branch of the dungeon, and saw 6 of its levels.

You collected 113 gold pieces.

Inventory:

Hand Weapons
 j - a +2 dagger of freezing
 k - a +0 long sword
 t - a +3 quarterstaff of chaos
 v - a +1 falchion of holy wrath (weapon)
Missiles
 g - 65 stones
Armour
 a - a +0 robe (worn)
 d - a +0 pair of gloves (worn)
 p - a +0 helmet (worn)
 r - a +1 chain mail of willpower
 u - a +0 cloak (worn)
Jewellery
 i - a +4 ring of evasion (left hand)
Wands
 q - a wand of flame (10)
Scrolls
 l - 2 scrolls of fear
 w - a scroll of vulnerability {unknown}
 y - a scroll of amnesia {unknown}
Potions
 b - 4 potions of lignification
 c - 2 potions of curing
 e - 2 potions of cancellation {unknown}
 f - a potion of brilliance {unknown}
 h - 2 potions of mutation {unknown}
 m - 2 potions of might {unknown}
 n - a potion of heal wounds {unknown}
 o - 3 potions of resistance {unknown}
 s - a potion of attraction {unknown}
 x - a potion of magic {unknown}


   Skills:
 + Level 0.8 Fighting
 + Level 2.3 Long Blades
 + Level 3.0 Dodging
 - Level 1.5 Stealth
 * Level 7.7 Spellcasting


You couldn't memorise any spells.
You knew the following spells:

 Your Spells              Type           Power      Damage    Failure   Level
a - Foxfire               Conj/Fire      100%       2x1d9     1%          1
b - Conjure Flame         Conj/Fire      34%        6-21      1%          3
c - Inner Flame           Hex/Fire       34%        N/A       1%          3
d - Sticky Flame          Conj/Fire      34%        2d5       4%          4
e - Fireball              Conj/Fire      17%        3d9       12%         5
f - Corona                Hex            37%        N/A       1%          1
g - Ensorcelled Hibernat  Hex/Ice        68%        N/A       1%          2
h - Gell's Gravitas       Tloc           17%        N/A       1%          3
Your spell library was empty.

Dungeon Overview and Level Annotations

Branches:
Dungeon (5/15)
 Temple: D:4-7

Altars:
Makhleb
Xom


Innate Abilities, Weirdness & Mutations

You are immune to sickness and miasma.
You are immune to poison.
Your flesh is very heat resistant. (rF++)
You are vulnerable to cold. (rC-)
You float through the air rather than walking.
You learn spells naturally, not from books.
Your magical power is your life essence.
You have superior vitality. (+4 HP)


Message History

Unknown command.
You hit the cyan ugly thing.
The cyan ugly thing is lightly wounded.
The cyan ugly thing burns!
The cyan ugly thing trunk-slaps you but does no damage.
You hit the cyan ugly thing.
The cyan ugly thing is moderately wounded.
The cyan ugly thing burns!
The cyan ugly thing trunk-slaps you but does no damage.
You hit the cyan ugly thing.
The cyan ugly thing is moderately wounded.
The cyan ugly thing burns! x2; The cyan ugly thing misses you.
The cyan ugly thing trunk-slaps you! The cyan ugly thing shocks you!
You barely miss the cyan ugly thing.
The cyan ugly thing is heavily wounded.
The cyan ugly thing burns!
The cyan ugly thing misses you.
You riposte.
You hit the cyan ugly thing.
The cyan ugly thing is heavily wounded.
You hit the cyan ugly thing but do no damage.
The cyan ugly thing is heavily wounded.
The cyan ugly thing burns!
The cyan ugly thing trunk-slaps you!
* * * LOW HITPOINT WARNING * * *
The cyan ugly thing shocks you!
* * * LOW HITPOINT WARNING * * *
It was a potion of curing.
You feel better.
The cyan ugly thing burns!
The cyan ugly thing stops burning.
The cyan ugly thing completely misses you.
You riposte.
You closely miss the cyan ugly thing.
The cyan ugly thing is severely wounded.
Casting: Sticky Flame (dangerous; 4% risk of failure)
Confirm with . or Enter, or press ? or * to list all spells.
Aiming: Sticky Flame (dangerous; 4% risk of failure)
Press: ? - help, Shift-Dir - straight line, f/p - cyan ugly thing
Aim: a cyan ugly thing (severely wounded, 100% to hit)
The sticky flame hits the cyan ugly thing.
The cyan ugly thing is severely wounded.
The cyan ugly thing is covered in liquid flames!
* * * LOW HITPOINT WARNING * * *
The cyan ugly thing burns!
The cyan ugly thing trunk-slaps you.
You die...

#..............##
#............###
#...........#
#..........##
#.........##
#.......###
##....####
##.##### ##@##
#u.# ........##
.........
.....##... .....
##..# .... ...
... .... ...
...##


You could see a cyan ugly thing (burning).

Vanquished Creatures
  Sigmund (D:2)
  2 centaurs
  Blork the orc (D:4)
  A bullfrog (D:8)
  A scorpion (D:3)
  2 hounds
  A bullfrog skeleton (D:4)
  A jelly (D:5)
  A bullfrog zombie (D:3)
  3 orc priests
  Crazy Yiuf (D:4)
  An iguana (D:2)
  Ijyb (D:4)
  Jessica (D:2)
  Natasha (thrice) (D:2)
  6 orc wizards
  3 gnolls (D:4)
  10 adders
  A howler monkey skeleton (D:4)
  2 adder skeletons
  3 dart slugs
  11 orcs
  4 bats
  A bat skeleton (D:2)
  A bat zombie (D:2)
  18 endoplasms
  4 giant cockroaches
  6 hobgoblins
  2 jackals (D:1)
  6 kobolds
  3 quokkas
  6 ball pythons
  4 frilled lizards
  A giant cockroach zombie (D:2)
  6 goblins
  4 rats
123 creatures vanquished.

Vanquished Creatures (collateral kills)
  A foxfire (D:2)
1 creature vanquished.

Vanquished Creatures (others)
  418 foxfires
  A withered plant (D:2)
419 creatures vanquished.

Grand Total: 543 creatures vanquished

Notes
Turn   | Place    | Note
-------+----------+-------------------------------------------
     0 | D:1      | funkygono the Djinni Fire Elementalist began the quest for
                  | the Orb.
     0 | D:1      | Reached XP level 1. HP: 15/15 MP: 0/0
   244 | D:1      | Reached XP level 2. HP: 19/21 MP: 0/0
   448 | D:1      | Reached skill level 3 in Spellcasting
   633 | D:1      | Reached XP level 3. HP: 22/25 MP: 0/0
   633 | D:1      | Learned a level 1 spell: Corona
  1621 | D:2      | You are sucked into a shaft and drop 2 floors!
  1639 | D:3      | Reached XP level 4. HP: 17/31 MP: 0/0
  1875 | D:3      | Noticed a scorpion
  1884 | D:3      | Killed a scorpion
  1885 | D:3      | Reached skill level 4 in Spellcasting
  1885 | D:3      | Reached XP level 5. HP: 19/35 MP: 0/0
  1885 | D:3      | Learned a level 2 spell: Ensorcelled Hibernation
  2312 | D:3      | Found a large runed translucent door.
  2312 | D:3      | Found a large runed translucent door.
  2314 | D:3      | Found a shimmering altar of Xom.
  2454 | D:3      | Reached XP level 6. HP: 34/40 MP: 0/0
  2668 | D:2      | Reached skill level 5 in Spellcasting
  3075 | D:2      | Noticed Jessica
  3120 | D:2      | Killed Jessica
  3244 | D:2      | Noticed Natasha
  3253 | D:2      | Killed Natasha
  3423 | D:2      | Noticed Natasha
  3427 | D:2      | Killed Natasha
  3541 | D:2      | Reached XP level 7. HP: 43/45 MP: 0/0
  3541 | D:2      | Learned a level 3 spell: Gell's Gravitas
  3942 | D:2      | Noticed Sigmund
  3946 | D:2      | Noticed Natasha
  3949 | D:2      | Killed Sigmund
  3950 | D:2      | Reached skill level 6 in Spellcasting
  3957 | D:2      | Killed Natasha
  4293 | D:2      | Found a faded altar of an unknown god.
  5463 | D:4      | Found a burning altar of Makhleb.
  5496 | D:4      | Reached skill level 1 in Long Blades
  5633 | D:4      | Noticed Blork the orc
  5644 | D:4      | Killed Blork the orc
  5645 | D:4      | Reached XP level 8. HP: 32/50 MP: 0/0
  6006 | D:4      | Noticed Ijyb
  6015 | D:4      | Killed Ijyb
  6516 | D:4      | Found a runed translucent door.
  6517 | D:4      | Noticed Crazy Yiuf
  6523 | D:4      | Killed Crazy Yiuf
  6524 | D:4      | Reached skill level 7 in Spellcasting
  6658 | D:5      | Entered Level 5 of the Dungeon
  7086 | D:5      | You are sucked into a shaft and drop 3 floors!
  7284 | D:8      | Noticed a cyan ugly thing
  7296 | D:8      | HP: 2/51 [cyan ugly thing (13)]
  7298 | D:8      | Slain by a cyan ugly thing

Illustrated notes

Levels and vault maps discovered:
D:1:      dpeg_arrival_erosion, layout_loops_ring, minmay_misc_feat_plants,
          amethyst_killhole, minmay_misc_feat_pillars, minivault_26,
          ebering_dispersal_statue_hall, dk_noncrumbling_4,
          grunt_decor_resistance, chequers_serial_rivers_micro_a,
          kennysheep_pointless_box
D:2:      layout_basic, shapermc_ecumenical_altar_totnotflames, serial_undead,
          serial_undead_a, serial_undead_f, serial_undead_a, serial_undead_e,
          uniq_sigmund, uniq_natasha, uniq_jessica
D:3:      due_chaos_kobolds, layout_basic, serial_bayou_pond_d,
          chequers_serial_rivers_micro_a
D:4:      layout_loops_ring, lemuel_tele_altar, uniq_crazy_yiuf_cottage,
          uniq_ijyb, uniq_blork_the_orc
D:5:      layout_cave_pools, minmay_temple_entry_enclosed_plants,
          portal_sewer_entry_b
D:8:      layout_cave_pods, grunt_ministairs_3

Skill      XL: |  1  2  3  4  5  6  7  8 |
---------------+-------------------------+-----
Spellcasting   | 3 4 5 6 7 |  7.7
Long Blades    | 1 2 |  2.3
Dodging        | 3 |  3.0
Fighting       | |  0.8
Stealth        | |  1.5

Action                   |  1- 3 |  4- 6 |  7- 9 || total
-------------------------+-------+-------+-------++-------
Melee: Dagger            |     1 |       |       ||     1
       Long sword        |       |     9 |    23 ||    32
       Falchion          |       |       |     8 ||     8
 Cast: Foxfire           |    55 |   113 |   102 ||   270
       Corona            |     1 |       |       ||     1
       Sticky Flame      |       |       |    10 ||    10
       Inner Flame       |       |       |     1 ||     1
       Gell's Gravitas   |       |       |     1 ||     1
  Use: Scroll            |     1 |       |     6 ||     7
       Potion            |       |       |     1 ||     1
 Stab: Sleeping          |     1 |       |       ||     1
Armor: Robe              |     4 |    11 |     9 ||    24
Dodge: Dodged            |    10 |    23 |    55 ||    88
       Rpst.: Long sword |       |     5 |     8 ||    13
       Falchion          |       |       |     4 ||     4
